General information
- name: BNet
- type: Ladder team game (AT/RT)
- host: Battle.net
- saver: olllllllldhenry
map: MarketSquare
- players: 8
- length: 17:44
- speed: Fast
- version: 1.26 W3XP
- replay type: Public
» download(109 KB)
Players
team 1 (winner)
Ruby7even (
orange | 101 APM | 1777 actions | 17:39)
5 Blademaster
3 Wind Walk
2 Critical Strike
3 Shadow Hunter
2 Hex
1 Healing Wave
2 Tauren Chieftain
1 Endurance Aura
1 War Stomp
» actions
| Assign group hotkey | 45 | |
| Basic commands | 77 | |
| Build / train | 71 | |
| ESC pressed | 1 | |
| Enter build submenu | 16 | |
| Enter hero's abilities submenu | 10 | |
| Give item / drop item | 5 | |
| Right click | 707 | |
| Select / deselect | 210 | |
| Select group hotkey | 553 | |
| Use ability | 82 | |
1777 total
» units
| Peon | 8 | |
| Grunt | 4 | |
| Raider | 7 | |
| Troll Witch Doctor | 6 | |
| Demolisher | 1 | |
26 total
» upgrades
| Melee Weapons | 3 | |
| Berserker Strength | 1 | |
| Ensnare | 1 | |
| Witch Doctor Training | 2 | |
| Armor | 2 | |
| Pillage | 1 | |
| Reinforced Defenses | 1 | |
| Ranged Weapons | 1 | |
| Burning Oil | 1 | |
13 total
» buildings
| Altar of Storms | 1 | |
| Orc Burrow | 8 | |
| Barracks | 1 | |
| Voodoo Lounge | 1 | |
| Stronghold | 1 | |
| War Mill | 1 | |
| Beastiary | 1 | |
| Spirit Lodge | 1 | |
| Fortress | 1 | |
| Watch Tower | 1 | |
17 total
» build order
00:08 Altar of Storms
00:10 Orc Burrow
00:33 Barracks
01:31 Orc Burrow
01:56 Voodoo Lounge
03:59 Stronghold
04:34 War Mill
04:40 Orc Burrow
06:32 Beastiary
06:36 Spirit Lodge
07:15 Fortress
07:19 Orc Burrow
07:23 Watch Tower
07:25 Orc Burrow
12:03 Orc Burrow
14:28 Orc Burrow
16:36 Orc Burrow
» items
| Lesser Clarity Potion | 4 | |
| Healing Salve | 5 | |
| Scroll of Speed | 2 | |
| Boots of Speed | 2 | |
| Potion of Lesser Invulnerability | 1 | |
| Scroll of Protection | 1 | |
| Orb of Lightning | 1 | |
16 total

»
Mahute (
yellow | 36 APM | 638 actions | 17:39)
5 Blademaster
2 Wind Walk
3 Critical Strike
» actions
| Basic commands | 2 | |
| Build / train | 35 | |
| ESC pressed | 1 | |
| Enter build submenu | 12 | |
| Enter hero's abilities submenu | 5 | |
| Right click | 347 | |
| Select / deselect | 175 | |
| Use ability | 61 | |
638 total
» units
| Peon | 6 | |
| Troll Batrider | 8 | |
| Wind Rider | 2 | |
16 total
» upgrades
» buildings
| Altar of Storms | 1 | |
| Orc Burrow | 5 | |
| War Mill | 1 | |
| Stronghold | 1 | |
| Voodoo Lounge | 1 | |
| Watch Tower | 2 | |
| Beastiary | 2 | |
13 total
» build order
00:05 Altar of Storms
00:15 Orc Burrow
00:53 War Mill
02:05 Stronghold
02:25 Voodoo Lounge
03:32 Watch Tower
03:37 Watch Tower
04:36 Beastiary
05:43 Beastiary
05:49 Orc Burrow
09:21 Orc Burrow
09:24 Orc Burrow
13:14 Orc Burrow
» items
| Healing Salve | 2 | |
| Lesser Clarity Potion | 3 | |
| Scroll of Speed | 1 | |
| Potion of Mana | 2 | |
| Potion of Healing | 2 | |
10 total

»
olllllllldhenry (
pink | 64 APM | 1131 actions | 17:44)
6 Blademaster
3 Wind Walk
2 Critical Strike
1 Bladestorm
2 Shadow Hunter
1 Healing Wave
1 Hex
» actions
| Assign group hotkey | 60 | |
| Basic commands | 43 | |
| Build / train | 62 | |
| Enter build submenu | 22 | |
| Enter hero's abilities submenu | 8 | |
| Give item / drop item | 6 | |
| Right click | 438 | |
| Select / deselect | 138 | |
| Select group hotkey | 274 | |
| Use ability | 80 | |
1131 total
» units
| Peon | 13 | |
| Troll Batrider | 6 | |
| Spirit Walker | 3 | |
| Shaman | 7 | |
| Troll Witch Doctor | 4 | |
33 total
» upgrades
| Shaman Training | 2 | |
| Witch Doctor Training | 2 | |
| Spirit Walker Training | 2 | |
6 total
» buildings
| Altar of Storms | 1 | |
| Orc Burrow | 9 | |
| Voodoo Lounge | 1 | |
| War Mill | 1 | |
| Watch Tower | 1 | |
| Stronghold | 3 | |
| Fortress | 1 | |
| Spirit Lodge | 3 | |
| Beastiary | 1 | |
| Great Hall | 1 | |
22 total
» build order
00:09 Altar of Storms
00:11 Orc Burrow
00:42 Voodoo Lounge
01:13 War Mill
03:17 Watch Tower
03:59 Stronghold
03:59 Stronghold
04:34 Orc Burrow
04:35 Orc Burrow
05:53 Orc Burrow
06:20 Fortress
06:28 Spirit Lodge
06:29 Spirit Lodge
07:56 Spirit Lodge
07:58 Beastiary
12:22 Great Hall
13:04 Orc Burrow
13:04 Orc Burrow
13:06 Orc Burrow
13:38 Orc Burrow
13:40 Orc Burrow
» items
| Healing Salve | 2 | |
| Lesser Clarity Potion | 2 | |
| Circlet of Nobility | 3 | |
| Boots of Speed | 1 | |
| Orb of Lightning | 1 | |
9 total
Lord_A-hole (
purple | 26 APM | 461 actions | 17:39)
2 Mountain King
1 Storm Bolt
1 Thunder Clap
» actions
| Basic commands | 4 | |
| Build / train | 67 | |
| Enter build submenu | 29 | |
| Enter hero's abilities submenu | 2 | |
| Remove unit from queue | 1 | |
| Right click | 85 | |
| Select / deselect | 232 | |
| Use ability | 41 | |
461 total
» units
| Peasant | 21 | |
| Footman | 8 | |
| Sorceress | 4 | |
| Mortar Team | 4 | |
37 total
» upgrades
| Masonry | 3 | |
| Lumber Harvesting | 2 | |
| Gunpowder | 3 | |
| Magic Sentry | 1 | |
| Sorceress Training | 1 | |
10 total
» buildings
| Altar of Kings | 1 | |
| Farm | 11 | |
| Barracks | 1 | |
| Lumber Mill | 1 | |
| Keep | 1 | |
| Blacksmith | 1 | |
| Scout Tower | 10 | |
| Guard Tower | 9 | |
| Castle | 2 | |
| Arcane Tower | 2 | |
| Arcane Sanctum | 1 | |
| Workshop | 2 | |
| Town Hall | 1 | |
43 total
» build order
00:09 Altar of Kings
00:23 Farm
00:59 Farm
01:13 Barracks
01:40 Farm
02:19 Farm
02:24 Lumber Mill
03:00 Farm
03:20 Keep
03:43 Farm
04:16 Blacksmith
04:21 Farm
04:58 Scout Tower
05:36 Scout Tower
05:38 Guard Tower
05:53 Castle
06:31 Arcane Tower
06:33 Guard Tower
07:02 Castle
07:10 Scout Tower
07:39 Guard Tower
07:42 Scout Tower
08:01 Arcane Sanctum
08:08 Guard Tower
08:11 Scout Tower
08:33 Workshop
08:51 Scout Tower
08:53 Guard Tower
08:58 Workshop
09:32 Scout Tower
09:34 Guard Tower
10:01 Town Hall
10:11 Scout Tower
10:14 Guard Tower
10:41 Guard Tower
10:43 Scout Tower
11:12 Scout Tower
11:42 Guard Tower
11:46 Farm
14:28 Farm
15:13 Farm
15:50 Farm
team 2 (loser)

»
O_L_Jesse_James (
green | 53 APM | 827 actions | 15:43)
4 Blademaster
2 Wind Walk
2 Critical Strike
» actions
| Assign group hotkey | 2 | |
| Basic commands | 4 | |
| Build / train | 50 | |
| Enter build submenu | 22 | |
| Enter hero's abilities submenu | 4 | |
| Give item / drop item | 1 | |
| Right click | 309 | |
| Select / deselect | 377 | |
| Select group hotkey | 1 | |
| Use ability | 57 | |
827 total
» units
| Peon | 14 | |
| Grunt | 7 | |
| Troll Batrider | 3 | |
| Tauren | 5 | |
29 total
» upgrades
| Melee Weapons | 2 | |
| Armor | 3 | |
| Berserker Strength | 1 | |
| Pulverize | 1 | |
| Ranged Weapons | 1 | |
8 total
» buildings
| Altar of Storms | 1 | |
| Orc Burrow | 8 | |
| Barracks | 1 | |
| Voodoo Lounge | 1 | |
| War Mill | 1 | |
| Stronghold | 1 | |
| Watch Tower | 8 | |
| Fortress | 2 | |
| Great Hall | 1 | |
| Tauren Totem | 2 | |
26 total
» build order
00:24 Altar of Storms
00:38 Orc Burrow
01:36 Orc Burrow
02:02 Barracks
02:18 Voodoo Lounge
02:55 Orc Burrow
03:51 Orc Burrow
04:22 War Mill
04:49 Stronghold
07:24 Watch Tower
07:31 Watch Tower
08:23 Fortress
08:32 Watch Tower
08:35 Watch Tower
10:04 Great Hall
10:10 Watch Tower
10:11 Watch Tower
10:12 Watch Tower
10:14 Watch Tower
10:53 Tauren Totem
10:56 Tauren Totem
12:27 Orc Burrow
12:30 Orc Burrow
13:05 Orc Burrow
14:15 Orc Burrow
» items
| Healing Salve | 1 | |
| Orb of Lightning | 1 | |
| Potion of Mana | 1 | |
3 total
imaPeon (
teal | 25 APM | 282 actions | 11:17)
2 Blademaster
1 Wind Walk
1 Critical Strike
» actions
| Build / train | 26 | |
| Enter build submenu | 8 | |
| Enter hero's abilities submenu | 2 | |
| Give item / drop item | 1 | |
| Right click | 132 | |
| Select / deselect | 83 | |
| Use ability | 30 | |
282 total
» units
» upgrades
| Armor | 2 | |
| Liquid Fire | 1 | |
| Ranged Weapons | 1 | |
4 total
» buildings
| Altar of Storms | 1 | |
| Orc Burrow | 3 | |
| War Mill | 1 | |
| Stronghold | 1 | |
| Voodoo Lounge | 1 | |
| Fortress | 1 | |
| Beastiary | 2 | |
10 total
» build order
00:14 Altar of Storms
00:17 Orc Burrow
01:21 War Mill
02:04 Stronghold
02:50 Voodoo Lounge
04:24 Orc Burrow
04:27 Fortress
05:55 Beastiary
05:59 Beastiary
09:39 Orc Burrow
» items
| Circlet of Nobility | 2 | |
| Staff of Teleportation | 1 | |
| Boots of Speed | 1 | |
| Dust of Appearance | 1 | |
| Potion of Lesser Invulnerability | 1 | |
6 total
DragonSlayerIII (
blue | 26 APM | 454 actions | 17:38)
3 Priestess of the Moon
2 Searing Arrows
1 Trueshot Aura
» actions
| Assign group hotkey | 11 | |
| Build / train | 34 | |
| Enter build submenu | 13 | |
| Enter hero's abilities submenu | 3 | |
| Remove unit from queue | 1 | |
| Right click | 138 | |
| Select / deselect | 98 | |
| Select group hotkey | 134 | |
| Use ability | 22 | |
454 total
» units
| Wisp | 10 | |
| Huntress | 9 | |
| Forest Troll High Priest | 1 | |
20 total
» upgrades
| Strength of the Moon | 2 | |
| Moon Armor | 1 | |
| Sentinel | 1 | |
| Druid of the Claw Training | 1 | |
| Strength of the Wild | 1 | |
| Reinforced Hides | 1 | |
7 total
» buildings
| Altar of Elders | 1 | |
| Moon Well | 5 | |
| Hunter's Hall | 1 | |
| Ancient of War | 1 | |
| Ancient of Wonders | 1 | |
| Ancient Protector | 2 | |
| Tree of Ages | 1 | |
| Ancient of Lore | 1 | |
| Ancient of Wind | 1 | |
| Tree of Eternity | 1 | |
15 total
» build order
00:26 Altar of Elders
00:30 Moon Well
01:25 Hunter's Hall
01:53 Moon Well
02:13 Ancient of War
02:21 Moon Well
03:02 Ancient of Wonders
03:17 Moon Well
03:34 Ancient Protector
06:17 Ancient Protector
07:10 Tree of Ages
10:42 Moon Well
11:49 Ancient of Lore
11:59 Ancient of Wind
14:28 Tree of Eternity
Shadow303 (
red | 54 APM | 933 actions | 17:11)
2 Archmage
1 Summon Water Elemental
1 Brilliance Aura
» actions
| Basic commands | 14 | |
| Build / train | 42 | |
| ESC pressed | 5 | |
| Enter build submenu | 16 | |
| Enter hero's abilities submenu | 3 | |
| Give item / drop item | 1 | |
| Right click | 598 | |
| Select / deselect | 202 | |
| Use ability | 52 | |
933 total
» units
» upgrades
| Masonry | 3 | |
| Sorceress Training | 2 | |
| Magic Sentry | 1 | |
6 total
» buildings
| Farm | 10 | |
| Altar of Kings | 1 | |
| Arcane Vault | 2 | |
| Lumber Mill | 1 | |
| Keep | 1 | |
| Arcane Sanctum | 3 | |
| Castle | 1 | |
| Guard Tower | 5 | |
| Scout Tower | 9 | |
33 total
» build order
00:19 Farm
00:21 Farm
00:25 Altar of Kings
00:30 Arcane Vault
01:41 Farm
01:44 Farm
01:49 Farm
01:54 Farm
02:09 Lumber Mill
03:09 Farm
04:39 Keep
07:13 Arcane Sanctum
07:15 Arcane Sanctum
07:19 Arcane Sanctum
07:24 Castle
09:42 Farm
09:44 Farm
10:51 Guard Tower
10:56 Guard Tower
11:13 Scout Tower
11:16 Scout Tower
11:18 Scout Tower
11:58 Guard Tower
12:21 Farm
13:41 Scout Tower
13:42 Scout Tower
13:44 Scout Tower
13:44 Scout Tower
14:23 Guard Tower
14:38 Scout Tower
14:42 Scout Tower
14:48 Arcane Vault
15:13 Guard Tower
» items
| Staff of Teleportation | 1 | |
| Periapt of Vitality | 1 | |
| Boots of Speed | 1 | |
| Ivory Tower | 3 | |
| Scroll of Town Portal | 4 | |
10 total
Chat log
(00:19 / All) Mahute: gl all!
(00:23 / Allies) Mahute: I'm rushing air
(00:34 / Allies) olllllllldhenry: thats called teching
(00:49 / Allies) Mahute: yeah, I'm rushing the tech
(00:50 / Allies) Ruby7even: and u would b harassing
(01:16 / Allies) Mahute: Alright
(01:18 / Allies) Mahute: let me clarify
(01:23 / Allies) Ruby7even: lol
(01:27 / Allies) olllllllldhenry: you dont need to
(01:28 / Allies) Mahute: I am going to be going air
(01:32 / Allies) Mahute: I am going to do it rapidly
(01:46 / Allies) Lord_A-hole: I.E. Teching.
(03:48 / All) imaPeon: lol pink that was funny
(03:52 / All) olllllllldhenry: I HACK
(05:20 / All) Shadow303: i rather let the creeps
(05:22 / All) Shadow303: kill me
(05:23 / All) Shadow303: than you
(05:27 / All) olllllllldhenry: i got the xp
(05:36 / All) Shadow303: damn
(05:38 / All) imaPeon: no u didnt
(07:49 / Allies) olllllllldhenry: that guy is going bats
(10:52 / Allies) Mahute: red has mass sorcs
(11:17 / All) olllllllldhenry: sweet thanks
(11:22 / All) Shadow303: pink you did hacked
(11:23 / Allies) Mahute: xD
(11:29 / All) Shadow303: you said that before
(11:30 / All) olllllllldhenry: you didnt englished
(14:17 / Allies) Mahute: pink
(14:19 / Allies) Mahute: gimme control
(14:22 / Allies) Mahute: I'm batting teal
(15:47 / All) Shadow303: well adios
(15:52 / All) Shadow303: teal left for no reason
(15:58 / All) Shadow303: or cuz pink hacked him
(16:15 / All) Shadow303: wow
(16:26 / All) Shadow303: the sentry detection did nothing
(16:29 / All) Shadow303: against purple
(16:44 / All) Shadow303: whatever I'm reporting this
(16:54 / All) olllllllldhenry: report it to your granny, granny
(16:55 / All) Lord_A-hole: It found me
(16:55 / All) Shadow303: as soon as you said those words
(16:58 / All) Shadow303: he left...
(17:18 / All) Mahute: he probably realized
(17:28 / Allies) Mahute: who he was fucking with
(17:34 / All) DragonSlayerIII: fucking hacker